 Dungeon Crawl Stone Soup version 0.28.0-53-g5a82cb258f (webtiles) character file.

Game seed: 12005025850258354027

5078 Zeld the Fighter (level 10, -11/96 HPs)
             Began as a Minotaur Berserker on June 10, 2022.
             Was a High Priest of Trog.
             Mangled by a spriggan
             ... wielding a +0 spear
              (15 damage)
             ... in a bailey.
             The game lasted 00:09:21 (10714 turns).

Zeld the Fighter (Minotaur Berserker)              Turns: 10714, Time: 00:09:22

Health: -11/96     AC:  5    Str: 34    XL:     10   Next: 31%
Magic:  9/9        EV: 13    Int:  4    God:    Trog [*****.]
Gold:   169        SH:  0    Dex:  9    Spells: 9/9 levels left

rFire   . . .      SeeInvis .   h - +7 whip "Usylosk" {distort, Str+7}
rCold   . . .      Faith    .   (no shield)
rNeg    . . .      Spirit   .   b - +0 animal skin
rPois   .          Reflect  .   (helmet restricted)
rElec   .          Harm     .   n - +1 cloak
rCorr   .          Rampage  .   (no gloves)
Will    .....                   (no boots)
Stlth   +.........              (no amulet)
HPRegen 0.26/turn               (no ring)
MPRegen 0.11/turn               (no ring)

@: on berserk cooldown, slowed, very slow
A: horns 2, retaliatory headbutt
a: Renounce Religion, Berserk, Trog's Hand, Brothers in Arms


You were in a bailey.
You worshipped Trog.
Trog was extremely pleased with you.
You visited 2 branches of the dungeon, and saw 9 of its levels.
You also visited: Bailey.

You collected 619 gold pieces.
You spent 450 gold pieces at shops.

Inventory:

Hand Weapons
 a - a +0 hand axe
 h - the +7 whip "Usylosk" (weapon) {distort, Str+7}
   (You took it off a kobold on level 2 of the Dungeon)

   It warps and distorts space around it, and may blink, banish, or inflict
   extra damage upon those it strikes.
   Unwielding it can cause banishment or high damage.
   Str:       It affects your strength (+7).
 r - the +3 flail of the Hawk {drain, rPois Str+3 Int+4}
   (You found it on level 3 of the Dungeon)

   A truly terrible weapon, it drains the life of any living foe it strikes.
   Str:       It affects your strength (+3).
   Int:       It affects your intelligence (+4).
   rPois:     It protects you from poison.
Armour
 b - a +0 animal skin (worn)
 i - the quicksilver dragon scales of Maory {+Blink Will+ rCorr Int+9}
   (You took it off a spriggan in a bailey)

   Int:       It affects your intelligence (+9).
   +Blink:    It lets you blink.
   rCorr:     It protects you from acid and corrosion.
   Will:      It increases your willpower.
 n - a +1 cloak (worn)
Wands
 g - a wand of charming (11)
 w - a wand of acid (16)
 y - a wand of paralysis (14)
Scrolls
 d - a scroll of brand weapon {unknown}
 e - 2 scrolls of fear {unknown}
 f - 6 scrolls of teleportation {unknown}
 k - 3 scrolls of amnesia {unknown}
 l - a scroll of summoning {unknown}
 o - 4 scrolls of identify {unknown}
 p - 2 scrolls of vulnerability {unknown}
 q - 2 scrolls of silence {unknown}
 B - a scroll of blinking {unknown}
Potions
 c - 2 potions of cancellation {unknown}
 m - 5 potions of curing {unknown}
 s - 2 potions of invisibility
 t - a potion of might {unknown}
 u - a potion of mutation {unknown}
 v - 3 potions of haste
 x - a potion of degeneration {unknown}
 z - a potion of brilliance {unknown}
 A - a potion of flight {unknown}


   Skills:
 * Level 11.2 Fighting
 * Level 11.2 Axes
 + Level 7.8 Armour
 + Level 7.1 Dodging


You had 9 spell levels left.
You didn't know any spells.
Your spell library was empty.

Dungeon Overview and Level Annotations

Branches:
Dungeon (8/15)             Temple (1/1) D:4            Lair (0/6) D:8
 Bailey (1/1)

Altars:
Ashenzari
Dithmenos
Elyvilon
Fedhas
Gozag
Hepliaklqana
Kikubaaqudgha
Makhleb
Nemelex Xobeh
Okawaru
Qazlal
Ru
Sif Muna
Trog
Uskayaw
Vehumet
Wu Jian
Yredelemnul
Zin
The Shining One

Shops:
D:2 **


Innate Abilities, Weirdness & Mutations

You have a pair of horns on your head.
You reflexively headbutt those who attack you in melee.


Message History

You feel the power of Trog in you as your rage grows.
You kill the two-headed ogre!
Trog accepts your kill.
You hear a splash. x2
Your Axes skill increases to level 11!
Your Dodging skill increases to level 7!
The spriggan drinks a potion.
The spriggan flickers and vanishes!
Deactivating autopickup; reactivate with Ctrl-A.
You feel a strong urge to attack something.
You feel your anger nearly subside.
You are no longer berserk.
You are exhausted.
You feel yourself slow down. Something hits you! Something hits you!
Something hits you. Something hits you.
You start resting.
Something hits you.
* * * LOW HITPOINT WARNING * * *
There is a strange disturbance nearby!
There is a strange disturbance nearby!
There is a strange disturbance nearby!
Aiming: Polymorph
Press: ? - help, Shift-Dir - straight line Nothing appears to happen.
The now-empty wand crumbles to dust.
Something hits you!
* * * LOW HITPOINT WARNING * * *
Something barely misses you.
Unknown command.
Aiming: Corrosive Bolt
Press: ? - help, Shift-Dir - straight line Something hits you.
* * * LOW HITPOINT WARNING * * *
Unknown command.
Aiming: Corrosive Bolt
Press: ? - help, Shift-Dir - straight line The bolt of acid hits something!
The acid corrodes something!
Something hits you!
* * * LOW HITPOINT WARNING * * *
Something hits you!
You die...

##)))≈≈##
##.......##
#....)....##
#..###♣#♣#..##
#..# ##..##
#..# ♣♣..##
..♣ ##..# ..
♣..# #.@# #..#
. ♣.{# .. #..#
..♣ ##..# ..
##..##
.####≈####..##
....≈≈{....##
#.........##


There were no monsters in sight!

Vanquished Creatures
  A two-headed ogre (Bailey)
  The ghost of Brotato the Ruffian, a novice TrTm (D:7)
  A troll (D:6)
  2 wyverns (D:7)
  A wraith (D:7)
  A spriggan (Bailey)
  A water moccasin (D:5)
  2 black bears
  An ice beast (D:7)
  An orc warrior (D:8)
  A sky beast (D:7)
  6 ogres (Bailey)
  A necrophage (D:5)
  2 phantoms
  2 bullfrogs
  A water moccasin zombie (D:5)
  2 scorpions
  A water moccasin skeleton (D:6)
  3 wights (D:7)
  2 centaur zombies (D:7)
  A gnoll shaman (D:3)
  Crazy Yiuf (D:2)
  3 hounds
  An orc priest (D:3)
  3 centaur skeletons
  2 iguanas
  A jelly (D:6)
  10 orc wizards
  A hound skeleton (D:5)
  A howler monkey zombie (D:5)
  7 adders
  20 gnolls
  A howler monkey skeleton (D:7)
  A shadow imp (D:7)
  2 white imps
  An ufetubus (D:7)
  3 dart slugs
  35 orcs
  4 ball pythons
  9 bats
  5 endoplasms
  2 giant cockroaches
  8 goblins
  7 hobgoblins
  16 jackals
  8 kobolds
  6 quokkas
  A frilled lizard (D:2)
  4 rats
  A spectral goblin (D:2)
198 creatures vanquished.

Vanquished Creatures (others)
  12 plants
12 creatures vanquished.

Grand Total: 210 creatures vanquished

Notes
Turn   | Place    | Note
-------+----------+-------------------------------------------
     0 | D:1      | Zeld the Minotaur Berserker began the quest for the Orb.
     0 | D:1      | Reached XP level 1. HP: 19/19 MP: 0/0
   556 | D:1      | Reached XP level 2. HP: 27/27 MP: 1/1
  1275 | D:2      | Reached XP level 3. HP: 33/33 MP: 2/2
  1363 | D:2      | Identified the +7 whip "Usylosk" {distort, Str+7}
  1375 | D:2      | HP: 1/49 [quokka (3)]
  1674 | D:2      | Found Rasaenue's General Store.
  1681 | D:2      | Bought a scroll of magic mapping for 49 gold pieces
  1819 | D:2      | Bought a wand of polymorph (1) for 42 gold pieces
  1997 | D:2      | Found a faded altar of an unknown god.
  2119 | D:2      | Found Ovumog's Assorted Antiques.
  2374 | D:2      | Found a runed translucent door.
  2375 | D:2      | Noticed Crazy Yiuf
  2572 | D:2      | Reached ** piety under Trog
  2716 | D:2      | Killed Crazy Yiuf
  2717 | D:2      | Reached XP level 4. HP: 41/41 MP: 3/3
  3017 | D:3      | Found a sacrificial altar of Ru.
  3026 | D:3      | Reached skill level 5 in Fighting
  3026 | D:3      | Reached skill level 5 in Axes
  3026 | D:3      | Reached XP level 5. HP: 37/48 MP: 4/4
  3438 | D:3      | Reached XP level 6. HP: 56/56 MP: 5/5
  3585 | D:3      | Reached *** piety under Trog
  3672 | D:3      | Reached XP level 7. HP: 37/63 MP: 6/6
  3688 | D:3      | HP: 1/64 [gnoll shaman/+0 club (9)]
  4769 | D:3      | Identified the +3 flail of the Hawk {drain, rPois Str+3
                  | Int+4}
  4868 | D:2      | Bought a green potion for 19 gold pieces
  4868 | D:2      | Bought a yellow potion for 19 gold pieces
  4868 | D:2      | Bought a scroll labelled ROBREUCOKU for 22 gold pieces
  4868 | D:2      | Bought a lumpy golden potion for 19 gold pieces
  5397 | D:4      | Found an ornate altar of the Wu Jian Council.
  5397 | D:4      | Found a shadowy altar of Dithmenos.
  5397 | D:4      | Found a hazy altar of Hepliaklqana.
  5418 | D:4      | Found a staircase to the Ecumenical Temple.
  5500 | Temple   | Entered the Ecumenical Temple
  6073 | D:4      | Found a shimmering blue altar of Sif Muna.
  6118 | D:4      | Found an ancient bone altar of Kikubaaqudgha.
  6123 | D:4      | Reached **** piety under Trog
  6129 | D:4      | Found a radiant altar of Vehumet.
  6133 | D:4      | Reached skill level 5 in Armour
  6138 | D:4      | Reached XP level 8. HP: 58/73 MP: 7/7
  6271 | D:5      | Entered Level 5 of the Dungeon
  6460 | D:5      | Reached skill level 5 in Dodging
  6914 | D:6      | Noticed a troll
  7118 | D:6      | Killed a troll
  7361 | D:6      | Found a burning altar of Makhleb.
  7407 | D:6      | Reached XP level 9. HP: 77/82 MP: 8/8
  7559 | D:2      | Bought 2 potions of haste for 280 gold pieces
  7828 | D:6      | Found a blossoming altar of Fedhas.
  8078 | D:7      | Found a transporter.
  8088 | D:7      | Noticed Brotato's ghost (novice TrTm)
  8090 | D:7      | Found a transporter.
  8345 | D:7      | Found a glowing golden altar of the Shining One.
  8576 | D:7      | Reached ***** piety under Trog
  9611 | D:7      | Killed Brotato's ghost
  9612 | D:7      | Reached skill level 10 in Fighting
  9612 | D:7      | Reached skill level 10 in Axes
 10090 | D:8      | Found a flagged portal.
 10114 | Bailey   | Entered a bailey
 10209 | Bailey   | Reached XP level 10. HP: 94/94 MP: 9/9
 10583 | Bailey   | Identified the quicksilver dragon scales of Maory {+Blink
                  | Will+ rCorr Int+9}
 10681 | Bailey   | Noticed a two-headed ogre
 10701 | Bailey   | Killed a two-headed ogre
 10714 | Bailey   | HP: 4/96 [something (8)]
 10714 | Bailey   | Mangled by a spriggan

Illustrated notes

Levels and vault maps discovered:
D:1:      lemuel_arrival_rhombus, layout_rooms, serial_bayou_lake_a
D:2:      layout_basic, serial_shops, shop, nicolae_shop_overgrown_old_shop,
          dreamdust_ecumenical_altar_drowned_temple, kennysheep_nondescript,
          ebering_dispersal_statue_hall, uniq_crazy_yiuf_cottage
D:3:      lemuel_castle_with_subvaults [lemuel_castle_interior_carwin_1],
          layout_basic, nicolae_ru_sacrificial_ziggurat,
          amcnicky_mini_rare_corridor_liquid
D:4:      layout_loops_ring, palyth_temple_overflow_mages,
          gammafunk_temple_overflow_forgotten, temple_doors_e
D:5:      layout_basic, amcnicky_mini_corridor_feature
D:6:      layout_cave_pools, mainiacjoe_overflow_concentric_impassable,
          nicolae_overflow_crystal_walls
D:7:      layout_basic, tso_metal_star, gammafunk_ghost_arena, st_stairs_4
D:8:      layout_loops_ring, lair_entry_dummy, serial_shops, shop,
          enter_bailey_5, uniq_grum
Temple:   zaba_magenta_temple
Bailey:   bailey_polearm_enchanted_keep_hellmonk, bailey

Skill      XL: |  1  2  3  4  5  6  7  8  9 10 |
---------------+-------------------------------+-----
Fighting       | 4 5 6 7 8 10 11 | 11.2
Axes           | 4 5 6 7 9 10 11 | 11.2
Armour         | 3 4 5 6 7 |  7.8
Dodging        | 3 4 5 6 7 |  7.1

Action                   |  1- 3 |  4- 6 |  7- 9 | 10-12 || total
-------------------------+-------+-------+-------+-------++-------
Melee: Hand axe          |    66 |       |       |       ||    66
       Headbutt          |    11 |    10 |    34 |     3 ||    58
       Whip              |    18 |    82 |   210 |    17 ||   327
       Punch             |       |       |     3 |       ||     3
Invok: Berserk           |     1 |       |     2 |     1 ||     4
       Trog's Hand       |       |       |     1 |       ||     1
Evoke: Wand              |       |       |       |     3 ||     3
  Use: Scroll            |       |       |     1 |       ||     1
Armor: Animal skin       |    15 |    15 |    41 |       ||    71
Dodge: Dodged            |    54 |    58 |   135 |    15 ||   262
